 Dungeon Crawl Stone Soup version 0.29.0-4-gdea44cf6ec (webtiles) character file.

Game seed: 846435363210880890

1397 qw the Cleaver (level 8, -1/46 HPs)
             Began as a Tengu Warper on Aug 28, 2022.
             Slain by an orc warrior
             ... wielding a +0 short sword
              (3 damage)
             ... on level 6 of the Dungeon.
             The game lasted 00:00:45 (6552 turns).

qw the Cleaver (Tengu Warper)                       Turns: 6552, Time: 00:00:45

Health: -1/46      AC: 22    Str: 17    XL:     8   Next: 69%
Magic:  13/13      EV:  7    Int: 16    God:
Gold:   291        SH:  9    Dex: 12    Spells: 11/11 levels left

rFire   + . .      SeeInvis .   Y - +1 hand axe (protect)
rCold   + . .      Faith    .   m - +0 kite shield
rNeg    . . .      Spirit   .   q - +5 chain mail "Cafaf" {rCorr Int+2}
rPois   .          Reflect  .   (helmet restricted)
rElec   .          Harm     .   k - scarf {rC+ rF+}
rCorr   +          Rampage  .   d - +0 pair of gloves
Will    .....      Clarity  +   (boots unavailable)
Stlth   ..........              (no amulet)
HPRegen 0.15/turn               (no ring)
MPRegen 0.13/turn               (no ring)

@: under a protective aura, flying quickly and evasively, quick
A: beak, talons 3, nimble flight, clarity, high MP 1, sense surroundings 1,
strong 1
a: no special abilities


You were on level 6 of the Dungeon.
You visited 2 branches of the dungeon, and saw 7 of its levels.
You also visited: Sewer.

You collected 399 gold pieces.
You spent 108 gold pieces at shops.


Innate Abilities, Weirdness & Mutations

You have a beak for a mouth.
You have claws for feet.
Your magical nature lets you fly swiftly and evasively.
You possess an exceptional clarity of mind.
You have an increased reservoir of magic. (+10% MP)
You passively map a small area around you.
Your muscles are strong. (Str +4, Int/Dex -1)


   Skills:
 + Level 3.0 Fighting
 - Level 9.0 Axes
 - Level 1.0 Throwing
 - Level 3.0 Armour
 - Level 2.1 Dodging
 - Level 5.4 Shields
 - Level 2.0 Spellcasting
 - Level 2.4 Translocations


You had 11 spell levels left.
You didn't know any spells.
Your spell library contained the following spells:

 Spells                   Type           Power      Damage    Failure   Level
 Blink                    Tloc           18%        N/A       99%         2
 Gell's Gravitas          Tloc           9%         N/A       100%        3
 Lesser Beckoning         Tloc           9%         N/A       100%        3
 Teleport Other           Tloc           9%         N/A       100%        3
 Manifold Assault         Tloc           9%         N/A       100%        5

Inventory:

Hand Weapons
 n - a +0 flail of protection
 Y - a +1 hand axe of protection (weapon)
Missiles
 o - 4 boomerangs (quivered)
Armour
 d - a +0 pair of gloves (worn)
 k - a scarf of resistance (worn)
 m - a +0 kite shield (worn)
 q - the +5 chain mail "Cafaf" (worn) {rCorr Int+2}
   (You found it on level 4 of the Dungeon)

   Int:       It affects your intelligence (+2).
   rCorr:     It protects you from acid and corrosion.
Jewellery
 b - a ring of resist corrosion
Scrolls
 c - a scroll of identify
Potions
 e - a potion of haste {unknown}
 h - 8 potions of curing
 i - a potion of might
 j - a potion of mutation
 l - a potion of lignification {unknown}

Dungeon Overview and Level Annotations

Branches:
Dungeon (6/15)             Temple (1/1) D:5           Sewer (visited)

Altars:
Cheibriados
Elyvilon
Fedhas
Hepliaklqana
Kikubaaqudgha
Qazlal
Ru
Sif Muna
Trog
Uskayaw
Wu Jian
Xom
The Shining One

Shops:
D:3 [   D:4 :

Annotations:
D:6 Grinder


Message History

Deactivating autopickup; reactivate with Ctrl-A.
The orc warrior hits you with a +0 short sword!
You closely miss the sky beast. Your kick misses the sky beast.
The sky beast is almost dead.
You hit the orc. You hit the orc warrior. You miss something.
The sky beast flickers out of sight!
Something hits you but does no damage.
The gnoll hits you from afar with a +0 spear.
The orc hits you with a +0 club.
You hear some strange, mumbled words.
A magic dart appears from out of thin air!
The magic dart hits you but does no damage.
The orc warrior hits you with a +0 short sword!
You hit the orc. Your peck misses the orc.
The orc is heavily wounded.
You hit something. x2
Reactivating autopickup.
You feel a bit more experienced.
You barely miss the orc warrior. The gnoll hits you but does no damage.
The orc hits you but does no damage. Something hits you but does no damage.
Deactivating autopickup; reactivate with Ctrl-A.
You block the orc warrior's attack.
Your Axes skill increases to level 9!
You hit the orc but do no damage. You claw the orc.
You kill the orc!
You hit the orc warrior but do no damage.
You hit something. The gnoll barely misses you.
Something hits you but does no damage. The orc warrior closely misses you.
You hit the orc warrior but do no damage.
You claw the orc warrior, but do no damage.
The orc warrior is lightly wounded.
You miss something. You block the gnoll's attack.
Something hits you but does no damage.
The orc warrior hits you but does no damage.
You hit the orc warrior. Your kick misses the orc warrior.
The orc warrior is moderately wounded.
You hit something but do no damage. You block the gnoll's attack.
Something hits you but does no damage.
The orc warrior hits you with a +0 short sword.
You die...

##..ยค#.)$.....
##....##.......
########....###....)..
##...#.......#
#....###
##........)#.).......#
#....................#
#.......~g..........##
#.....{~)........####
#....~@o..#######
##...#~).## #########


You could see an orc warrior and a gnoll.

Vanquished Creatures
  A sky beast (D:6)
  2 ogres
  A phantom (D:4)
  A kobold brigand (D:4)
  3 bullfrogs
  A necrophage (D:4)
  3 scorpions
  3 orc priests
  Jessica (D:3)
  An iguana (D:5)
  2 orc wizards
  16 adders
  10 gnolls
  3 river rats (Sewer)
  2 white imps
  2 worms
  6 dart slugs
  13 orcs
  6 bats
  4 endoplasms
  6 giant cockroaches
  9 goblins
  4 hobgoblins
  4 jackals
  6 quokkas
  13 ball pythons
  6 frilled lizards
  9 kobolds
  21 rats
159 creatures vanquished.

Notes
Turn   | Place    | Note
-------+----------+-------------------------------------------
     0 | D:1      | qw the Tengu Warper began the quest for the Orb.
     0 | D:1      | Reached XP level 1. HP: 12/12 MP: 4/4
     0 | D:1      | 0 ||| qw: Version: 0.1-a-89-g26bdef1
     0 | D:1      | 0 ||| qw: Game counter: 2697
     0 | D:1      | 0 ||| qw: Always use a shield: true
     0 | D:1      | 0 ||| qw: God list: Okawaru
     0 | D:1      | 0 ||| qw: Allow faded altars: false
     0 | D:1      | 0 ||| qw: Do Orc after D:15 true
     0 | D:1      | 0 ||| qw: Do second Lair branch before Depths: true
     0 | D:1      | 0 ||| qw: Lair rune preference: random
     0 | D:1      | 0 ||| qw: Plans: Normal
     0 | D:1      | 0 ||| PLANNING D:1-11
    38 | D:1      | 38 ||| Stepping ~*~*~tactically~*~*~ (hiding).
    40 | D:1      | 40 ||| Stepping ~*~*~tactically~*~*~ (hiding).
   169 | D:1      | Reached XP level 2. HP: 6/17 MP: 6/6
   169 | D:1      | HP: 4/17 [jackal (2)]
   171 | D:1      | Reached skill level 3 in Axes
   470 | D:1      | Found a faded altar of an unknown god.
   858 | D:1      | 858 ||| DROPPING +0 club.
  1197 | D:1      | 1197 ||| UPGRADING to +0 pair of gloves.
  1202 | D:1      | 1202 ||| UPGRADING to +0 ring mail.
  1212 | D:1      | 1212 ||| DROPPING +0 leather armour.
  1213 | D:1      | 1213 ||| READING scroll labelled DERPHA LOKKOOTI.
  1214 | D:1      | 1214 ||| DROPPING scroll of blinking.
  1340 | D:2      | Reached XP level 3. HP: 21/21 MP: 7/7
  1463 | D:2      | Reached skill level 4 in Axes
  2045 | D:2      | 2045 ||| UPGRADING to scarf of resistance.
  2050 | D:2      | 2050 ||| READING scroll labelled ZYNLAI KEKLA.
  2051 | D:2      | 2051 ||| READING scroll labelled ATROEL FIFUO.
  2052 | D:2      | 2052 ||| READING scroll labelled XATUMNORPHE.
  2055 | D:2      | 2055 ||| DRINKING 2 pink potions.
  2055 | D:2      | Gained mutation: Your muscles are strong. (Str +4, Int/Dex
                  | -1) [potion of mutation]
  2055 | D:2      | Gained mutation: You passively map a small area around you.
                  | [potion of mutation]
  2055 | D:2      | Gained mutation: You possess an exceptional clarity of
                  | mind. [potion of mutation]
  2055 | D:2      | Gained mutation: You have an increased reservoir of magic.
                  | (+10% MP) [potion of mutation]
  2217 | D:3      | Reached XP level 4. HP: 26/26 MP: 8/8
  2226 | D:3      | Noticed Jessica
  2227 | D:3      | 2227 ||| Stepping ~*~*~tactically~*~*~ (hiding).
  2235 | D:3      | Killed Jessica
  2236 | D:3      | Reached skill level 5 in Axes
  2351 | D:3      | 2351 ||| Stepping ~*~*~tactically~*~*~ (stealth).
  2396 | D:3      | Found Pautuc's Armour Shoppe.
  2396 | D:3      | Noticed a scorpion
  2406 | D:3      | Killed a scorpion
  2407 | D:3      | Gained mutation: Your magical nature lets you fly swiftly
                  | and evasively. [Tengu growth]
  2407 | D:3      | Reached XP level 5. HP: 13/30 MP: 9/9
  2411 | D:3      | HP: 7/30 [poisoned by a scorpion]
  2669 | D:3      | 2669 ||| BUYING +0 chain mail (54 gold).
  2669 | D:3      | Bought a +0 chain mail for 54 gold pieces
  2669 | D:3      | 2669 ||| BUYING +0 kite shield (54 gold).
  2669 | D:3      | Bought a +0 kite shield for 54 gold pieces
  2684 | D:3      | Reached skill level 6 in Axes
  2845 | D:3      | 2845 ||| FLEEEEING.
  2846 | D:3      | 2846 ||| Stepping ~*~*~tactically~*~*~ (stealth).
  2847 | D:3      | 2847 ||| Stepping ~*~*~tactically~*~*~ (stealth).
  2848 | D:3      | 2848 ||| Stepping ~*~*~tactically~*~*~ (stealth).
  2849 | D:3      | 2849 ||| Stepping ~*~*~tactically~*~*~ (stealth).
  2968 | D:3      | HP: 7/30 [poisoned by an adder]
  2969 | D:3      | 2969 ||| READING 3 scrolls of teleportation.
  2972 | D:3      | Reached XP level 6. HP: 5/35 MP: 10/10
  2973 | D:3      | HP: 2/35 [gnoll/+0 spear (3)]
  3393 | D:3      | 3393 ||| UPGRADING to +0 chain mail.
  3403 | D:3      | 3403 ||| DROPPING +0 ring mail.
  3404 | D:3      | 3404 ||| UPGRADING to +0 kite shield.
  3409 | D:3      | 3409 ||| UPGRADING to ring of resist corrosion.
  3434 | D:4      | 3434 ||| STAIRDANCE
  3443 | D:4      | 3443 ||| STAIRDANCE
  3487 | D:4      | 3487 ||| STAIRDANCE
  3512 | D:4      | 3512 ||| Stepping ~*~*~tactically~*~*~ (hiding).
  3527 | D:4      | 3527 ||| Stepping ~*~*~tactically~*~*~ (hiding).
  3528 | D:4      | 3528 ||| Stepping ~*~*~tactically~*~*~ (hiding).
  3558 | D:4      | Reached skill level 1 in Shields
  3590 | D:4      | HP: 5/35 [orc priest/+0 flail of protection (7)]
  3591 | D:4      | 3591 ||| READING 2 scrolls of teleportation.
  3593 | D:4      | Found a faded altar of an unknown god.
  3594 | D:4      | 3594 ||| READING scroll of teleportation.
  3595 | D:4      | Found a hazy altar of Hepliaklqana.
  3596 | D:4      | HP: 2/35 [kobold brigand/+0 dagger of draining (1)]
  3642 | D:4      | 3642 ||| FLEEEEING.
  3822 | D:4      | 3822 ||| Stepping ~*~*~tactically~*~*~ (stealth).
  3863 | D:4      | Reached skill level 3 in Shields
  3898 | D:4      | 3898 ||| DROPPING +0 whip.
  3919 | D:4      | 3919 ||| Stepping ~*~*~tactically~*~*~ (hiding).
  3921 | D:4      | 3921 ||| Stepping ~*~*~tactically~*~*~ (hiding).
  3935 | D:4      | Reached XP level 7. HP: 33/40 MP: 12/12
  4048 | D:4      | Found a shimmering altar of Xom.
  4061 | D:4      | 4061 ||| Stepping ~*~*~tactically~*~*~ (hiding).
  4177 | D:4      | Found a hide-covered altar of Uskayaw.
  4189 | D:4      | Identified the +5 chain mail "Cafaf" {rCorr Int+2}
  4464 | D:4      | Reached skill level 7 in Axes
  4567 | D:4      | Found Recuozech's Book Boutique.
  4577 | D:4      | Reached skill level 3 in Fighting
  4788 | D:4      | 4788 ||| UPGRADING to +5 chain mail "Cafaf" {rCorr Int+2}.
  4798 | D:4      | 4798 ||| REMOVING ring of resist corrosion.
  4799 | D:4      | 4799 ||| DROPPING +0 chain mail.
  4800 | D:4      | 4800 ||| READING scroll labelled QAMAT QORUN.
  4801 | D:4      | 4801 ||| READING scroll labelled NYOKISTR NOYKLO.
  4802 | D:4      | 4802 ||| READING scroll labelled COQ EX PAGG.
  4803 | D:4      | 4803 ||| READING scroll labelled JENLOX IBIRGHAO.
  4804 | D:4      | 4804 ||| DRINKING 2 sapphire potions.
  4805 | D:4      | 4805 ||| DROPPING potion of attraction.
  4823 | D:5      | Entered Level 5 of the Dungeon
  4824 | D:5      | 4824 ||| PLANNING SEWER
  4964 | D:5      | Found a glowing drain.
  5001 | Sewer    | Entered a sewer
  5161 | Sewer    | 5161 ||| Stepping ~*~*~tactically~*~*~ (stealth).
  5165 | Sewer    | 5165 ||| Stepping ~*~*~tactically~*~*~ (stealth).
  5186 | Sewer    | 5186 ||| Stepping ~*~*~tactically~*~*~ (stealth).
  5194 | Sewer    | Reached XP level 8. HP: 42/46 MP: 13/13
  5258 | Sewer    | Reached skill level 8 in Axes
  5410 | Sewer    | 5410 ||| READING scroll labelled KUALYN UBUZOGI.
  5411 | Sewer    | 5411 ||| DRINKING 2 fuming dark potions.
  5412 | Sewer    | 5412 ||| DRINKING 2 smoky amethyst potions.
  5413 | Sewer    | 5413 ||| DRINKING 2 glowing emerald potions.
  5414 | Sewer    | 5414 ||| DROPPING potion of magic.
  5415 | Sewer    | 5415 ||| DROPPING potion of invisibility.
  5419 | D:5      | 5419 ||| PLANNING D:1-11
  5507 | D:5      | Found a staircase to the Ecumenical Temple.
  5508 | D:5      | 5508 ||| PLANNING TEMPLE
  5508 | D:5      | 5508 ||| READING scroll labelled CEAROM HUOSU.
  5509 | D:5      | 5509 ||| DRINKING 2 sedimented grey potions.
  5610 | D:5      | 5610 ||| DROPPING potion of ambrosia.
  5618 | Temple   | Entered the Ecumenical Temple
  5804 | Temple   | 5804 ||| PLANNING D:1-11
  5875 | D:5      | Found a bloodstained altar of Trog.
  6393 | D:5      | 6393 ||| READING 2 scrolls of identify.
  6393 | D:5      | 6393 ||| IDENTIFYING fizzy brown potion
  6394 | D:5      | 6394 ||| DROPPING potion of flight.
  6429 | D:6      | Noticed Grinder
  6448 | D:6      | HP: 7/46 [Grinder (6)]
  6449 | D:6      | 6449 ||| READING scroll of teleportation.
  6450 | D:6      | 6450 ||| DRINKING 3 potions of heal wounds.
  6492 | D:6      | Reached skill level 3 in Armour
  6502 | D:6      | 6502 ||| Stepping ~*~*~tactically~*~*~ (stealth).
  6512 | D:6      | 6512 ||| FLEEEEING.
  6513 | D:6      | 6513 ||| FLEEEEING.
  6530 | D:6      | HP: 9/46 [scorpion (5)]
  6531 | D:6      | 6531 ||| DRINKING 2 potions of heal wounds.
  6542 | D:6      | HP: 10/46 [something (6)]
  6543 | D:6      | 6543 ||| DRINKING potion of heal wounds.
  6548 | D:6      | HP: 11/46 [orc/+0 club (3)]
  6548 | D:6      | HP: 1/46 [orc warrior/+0 short sword (10)]
  6550 | D:6      | Reached skill level 9 in Axes
  6552 | D:6      | Slain by an orc warrior

Levels and vault maps discovered:
D:1:      kennysheep_arrival_seaside, layout_loops_ring,
          hellmonk_ecumenical_altar_defaced_shrine
D:2:      layout_basic, minmay_door_square, st_stairs_8
D:3:      layout_basic, serial_shops, shop, uniq_jessica
D:4:      layout_rooms, mainiacjoe_overflow_catwalk, lemuel_tele_altar,
          beargit_hepliaklqana_dungeon_heroes, serial_shops,
          nicolae_lakefront_shop
D:5:      lemuel_ice_spiral_2, layout_basic, bloody_trog,
          minmay_temple_entry_junction, portal_sewer_entry_f
D:6:      layout_rooms, pf_just_have_faith, uniq_grinder
Temple:   grunt_temple_mini_profane

Skill      XL: |  1  2  3  4  5  6  7  8 |
---------------+-------------------------+-----
Axes           | 3 4 5 6 7 9 |  9.0
Shields        | 3 4 5 |  5.4
Armour         | 2 3 |  3.0
Fighting       | 3 |  3.0
Throwing       | |  1.0
Dodging        | |  2.1
Spellcasting   | |  2.0
Translocations | |  2.4

Action                   |  1- 3 |  4- 6 |  7- 9 || total
-------------------------+-------+-------+-------++-------
Melee: Hand axe          |    70 |   121 |   200 ||   391
       Kick              |    16 |    27 |    64 ||   107
       Peck              |     8 |    22 |    27 ||    57
Throw: Boomerang         |     7 |     8 |    48 ||    63
  Use: Scroll            |     4 |     3 |     8 ||    15
       Potion            |     1 |       |     8 ||     9
 Stab: Invisible         |       |       |     1 ||     1
Armor: Leather armour    |    10 |       |       ||    10
       Ring mail         |    11 |    36 |       ||    47
       Chain mail        |       |    30 |   152 ||   182
Dodge: Dodged            |    45 |    70 |    66 ||   181
Block: Kite shield       |       |    23 |    93 ||   116

Table legend:
 A = Non-vault XP
 B = Vault XP
 C = Vault XP percentage of total XP
 D = Non-vault monster count
 E = Vault monster count
 F = Vault count percentage of total count
                 A         B        C        D         E       F
            +---------+---------+-------+---------+---------+-------
      Total |    1510 |     486 |  24.3 |     105 |      54 |  34.0
            +---------+---------+-------+---------+---------+-------
        D:1 |      25 |       5 |  16.7 |      15 |       4 |  21.1
        D:2 |      37 |       3 |   7.5 |      13 |       2 |  13.3
        D:3 |     243 |      37 |  13.2 |      27 |       1 |   3.6
        D:4 |     655 |     100 |  13.2 |      30 |       1 |   3.2
        D:5 |      59 |      10 |  14.5 |       6 |       5 |  45.5
        D:6 |     491 |       0 |   0.0 |      14 |       0 |   0.0
      Sewer |       0 |     331 | 100.0 |       0 |      41 | 100.0
            +---------+---------+-------+---------+---------+-------
